 Dungeon Crawl Stone Soup version 0.15.0-12-gccce430 (webtiles) character file.

158 Kashira the Sneak (level 5, -1/43 HPs)
             Began as a Naga Enchanter on Sept 2, 2014.
             Was an Initiate of Qazlal.
             Slain by an orc warrior
             ... wielding a +0 dire flail of draining
              (4 damage)
             ... on Level 3 of the Dungeon.
             The game lasted 00:12:28 (2918 turns).

Kashira the Sneak (Naga Enchanter)                  Turns: 2918, Time: 00:12:29

HP  -1/43        AC  3     Str 11      XL: 5   Next: 39%
MP   0/11        EV  9     Int 13      God: Qazlal [......]
Gold 101         SH  0     Dex 12      Spells:  2 memorised,  4 levels left

rFire  . . .     SeeInvis +     k - +3 dagger (drain)
rCold  . . .     Clarity  .     h - +0 leather armour
rNeg   . . .     rCorr    .     (no shield)
rPois  +         rRot     .     (no helmet)
rElec  .         Spirit   +     (no cloak)
SustAb .         Warding  .     (no gloves)
rMut   .         Stasis   .     (no barding)
Gourm  .                        m - amulet of guardian spirit
MR     .....                    (no ring)
                                i - -2 ring of intelligence

@: drained, very slow, not resistant to hostile enchantments, unstealthy
A: spit poison, see invisible, deformed body, poison resistance, slowness 2, AC
+1
a: Spit Poison, Renounce Religion


You were on level 3 of the Dungeon.
You worshipped Qazlal.
Qazlal was noncommittal.
You were not hungry.

You visited 1 branch of the dungeon, and saw 3 of its levels.

You collected 101 gold pieces.

Inventory:

Hand weapons
 a - a +1 dagger
 k - a +3 dagger of draining (weapon)
Armour
 b - a +1 robe
 h - a +0 leather armour (worn)
Comestibles
 d - a bread ration
 l - a meat ration
Scrolls
 e - a scroll of magic mapping
 g - a scroll of remove curse
 j - a scroll of enchant weapon
 o - a scroll of immolation
 p - a scroll of amnesia
Jewellery
 i - a -2 ring of intelligence (left hand)
 m - an amulet of guardian spirit (around neck)
Books
 c - a book of Maledictions

   Spells                             Type                      Level
   Corona                             Hexes                        1
   Sure Blade                         Hexes/Charms                 2
   Ensorcelled Hibernation            Hexes/Ice                    2
   *Confuse                           Hexes                        3
   *Dazzling Spray                    Conjuration/Hexes            3
   Enslavement                        Hexes                        4


   Skills:
 + Level 0.4(0.0) Fighting
 + Level 1.4(0.4) Short Blades
 + Level 1.8(0.8) Armour
 + Level 2.2(1.2) Dodging
 - Level 4.6(3.5) Stealth
 + Level 3.0(2.0) Spellcasting
 + Level 0.4(0.0) Conjurations
 + Level 3.6(2.5) Hexes


You had 4 spell levels left.
You knew the following spells:

 Your Spells              Type           Power        Failure   Level  Hunger
b - Dazzling Spray        Conj/Hex       #.......     52%         3    ####...
c - Confuse               Hex            #.......     28%         3    ####...


Dungeon Overview and Level Annotations

Branches:
Dungeon (3/15)

Altars:
Nemelex Xobeh
Okawaru
Qazlal
Trog


Innate Abilities, Weirdness & Mutations

You cannot wear boots.
You can spit poison.
Your serpentine skin is tough (AC +1).
You have supernaturally acute eyesight.
Armour fits poorly on your strangely shaped body.
Your system is resistant to poisons.
You cover ground very slowly.


Message History

o - a scroll of immolation The giant newt bites you.
Read which item? (? for menu, Esc to quit)
Okay, then.
You aren't carrying any potions.
Unknown command.
Use which ability? (? or * to list)
Press: ? - help, Shift-Dir - straight line, f/p - orc warrior
Aim: an orc warrior, wielding a dire flail of draining and wearing a shiny chain mail (lightly wounded)
The splash of poison hits the giant newt.
The giant newt is poisoned.
You kill the giant newt!
Qazlal accepts your kill.
You feel slightly more hungry.
There is an open door here.
You have got your breath back.
The orc warrior hits you with a dire flail of draining!
* * * LOW HITPOINT WARNING * * *
You feel drained.
You die...

##### ########## #####...#
####........#
###########...#...###.....#####..
[.............'.@o'.'.....#$()#,,
...#.######...#...###.....#...#,,
##.#.# #...#...# ##.(..#.l.#,,
...#.# #...#...# *#..##.###.#*
##.#.# #...#...#*#...#.#...#.#
...#.# #####...##..##.#*...#*.
...#.# #####...#.#.,.#...*
...#%#######******..##.#*.,##...#
..(..........,,,,,,.#?#,,,***,...


You could see an orc warrior.

Vanquished Creatures
  The ghost of Kashira the Sneak, an average NaEn (D:3)
  3 adders
  A giant mite (D:3)
  A worm (D:2)
  A giant gecko (D:1)
  An ooze (D:2)
  An orc (D:3)
  A ball python (D:1)
  4 giant cockroaches
  7 goblins
  5 hobgoblins
  9 jackals
  5 kobolds
  A quokka (D:2)
  2 bats
  4 giant newts
  4 rats
51 creatures vanquished.

Notes
Turn   | Place    | Note
--------------------------------------------------------------
     0 | D:1      | Kashira, the Naga Enchanter, began the quest for the Orb.
     0 | D:1      | Reached XP level 1. HP: 15/15 MP: 3/3
    99 | D:1      | Reached XP level 2. HP: 20/22 MP: 1/4
  1027 | D:1      | Reached XP level 3. HP: 14/28 MP: 3/6
  1273 | D:1      | Learned a level 3 spell: Dazzling Spray
  1446 | D:2      | Found a sparkling altar of Nemelex Xobeh.
  1651 | D:2      | Found a stormy altar of Qazlal.
  1677 | D:2      | Became a worshipper of Qazlal Stormbringer
  2019 | D:2      | Reached XP level 4. HP: 32/37 MP: 0/8
  2229 | D:3      | Noticed Kashira's ghost (average NaEn)
  2372 | D:3      | Reached skill level 1 in Armour
  2402 | D:3      | Found an iron altar of Okawaru.
  2404 | D:3      | Found a bloodstained altar of Trog.
  2455 | D:3      | Learned a level 3 spell: Confuse
  2488 | D:3      | Killed Kashira's ghost
  2488 | D:3      | Reached XP level 5. HP: 3/43 MP: 0/11
  2895 | D:3      | Noticed an orc warrior
  2918 | D:3      | Slain by an orc warrior

Action                   |  1- 3 |  4- 6 || total
-------------------------+-------+-------++-------
Melee: Dagger            |    63 |    23 ||    86
 Cast: Corona            |    12 |       ||    12
       Dazzling Spray    |     5 |     1 ||     6
       Confuse           |       |     6 ||     6
 Abil: Spit Poison       |    44 |    23 ||    67
  Use: Potion            |       |     5 ||     5
       Scroll            |       |     5 ||     5
 Stab: Confused          |       |     1 ||     1
  Eat: Chunk             |     6 |     6 ||    12
